 Dungeon Crawl Stone Soup version 0.30.1-11-g7821555f0a (webtiles) character file.

Game seed: 3520489726804398120

142 porpoise the Shooter (level 5, -4/46 HPs)
             Began as a Minotaur Hunter on Dec 28, 2023.
             Slain by a gnoll sergeant
             ... wielding a +7 trident of freezing
              (7 damage)
             ... on level 3 of the Dungeon.
             The game lasted 00:04:02 (2048 turns).

porpoise the Shooter (Minotaur Hunter)              Turns: 2048, Time: 00:04:07

Health: -4/46      AC:  6    Str: 16    XL:     5   Next: 3%
Magic:  4/4        EV: 12    Int:  6    God:
Gold:   56         SH:  0    Dex: 15    Spells: 4/4 levels left

rFire   . . .        a - +0 shortbow
rCold   . . .        (shield currently unavailable)
rNeg    . . .        m - +2 leather armour {rPois}
rPois   +            (helmet restricted)
rElec   .            i - +0 cloak
rCorr   .            (no gloves)
SInv    .            (no boots)
Will    .....        (no amulet)
Stlth   +            (no ring)
HPRegen 0.27/turn    (no ring)
MPRegen 0.09/turn

%: no passive effects
@: no status effects
A: horns 2, retaliatory headbutt
a: no special abilities


You were on level 3 of the Dungeon.
You visited 1 branch of the dungeon, and saw 3 of its levels.

You collected 166 gold pieces.
You spent 110 gold pieces at shops.

Inventory:

Hand Weapons
 a - a +0 shortbow (weapon)
 k - a +0 trident
Missiles
 n - a throwing net
Armour
 i - a +0 cloak (worn)
 j - a +0 ring mail
 m - a +2 leather armour of poison resistance (worn)
Scrolls
 b - 2 scrolls of immolation
 d - a scroll of poison {unknown}
 e - 2 scrolls of identify {unknown}
 g - a scroll of enchant armour {unknown}
 h - a scroll of fog {unknown}
 o - 2 scrolls of teleportation {unknown}
Potions
 c - a potion of berserk rage {unknown}
 f - a potion of curing {unknown}
 l - 2 potions of degeneration {unknown}


   Skills:
 + Level 4.0 Fighting
 * Level 6.1 Ranged Weapons
 + Level 1.1 Armour
 - Level 2.1 Dodging
 - Level 0.7 Stealth


You had 4 spell levels left.
You didn't know any spells.
Your spell library was empty.

Dungeon Overview and Level Annotations

Branches:
Dungeon (3/15)

Altars:

Shops:
D:2 [

Annotations:
D:3 2 runed translucent doors, TheBioAlchemist's ghost, amateur GnHs


Innate Abilities, Weirdness & Mutations

You have a pair of horns on your head.
You reflexively headbutt those who attack you in melee.


Message History

You now have 56 gold pieces (gained 11).
o - 2 scrolls labelled RAALESE BES
e - 2 scrolls labelled XOLEXAM WISO (gained 1)
Found a large runed translucent door.
Okay, then.
Found a scroll labelled RAALESE BES.
TheBioAlchemist's ghost says, "Death is your only future!"
A gnoll comes into view. It is wielding a +0 rapier.
Found a mace and a leather armour.
A gnoll sergeant comes into view.
It is wielding a +7 trident of freezing.
A gnoll comes into view. It is wielding a +0 flail.
A gnoll comes into view. It is wielding a +0 spear.
The gnoll moves out of view.
You shoot an arrow. The gnoll shouts!
The arrow hits the gnoll sergeant.
The gnoll sergeant is moderately wounded.
You hear a shout!
You shoot an arrow. The gnoll sergeant blocks the arrow.
The gnoll sergeant throws a stone.
The stone hits you.
The gnoll throws a stone.
The stone hits you but does no damage.
You shoot an arrow. The arrow hits the gnoll sergeant.
The gnoll sergeant is heavily wounded.
The gnoll sergeant throws a stone.
The stone hits you.
You shoot an arrow. The arrow barely misses the gnoll.
The arrow hits the gnoll.
The gnoll is lightly wounded.
You shoot an arrow.
The arrow barely misses the gnoll sergeant.
The arrow hits the gnoll.
The gnoll is lightly wounded.
The gnoll sergeant hits you with a +7 trident of freezing!
The gnoll sergeant freezes you.
The gnoll sergeant attacks as you move away!
The gnoll sergeant hits you with a +7 trident of freezing!!
* * * LOW HITPOINT WARNING * * *
The gnoll sergeant freezes you.
* * * LOW HITPOINT WARNING * * *
The gnoll sergeant hits you from afar with a +7 trident of freezing!
You die...

##..⌠.#...###
#~?.~.+...#
##.~#.+...#
#≈..~~#...#
###..§#...##
#.##§###..#
##### ##.#
#.#####.#
#...@...#
#.g###### #.g


gg.. ..).. ....#.. ..#.#.. [.# #.. You could see a gnoll sergeant and 2 gnolls.

Vanquished Creatures
  Terence (D:2)
  7 gnolls
  A worm (D:2)
  2 dart slugs (D:1)
  4 ball pythons
  4 endoplasms
  2 giant cockroaches
  5 goblins
  5 hobgoblins
  3 quokkas
  4 bats
  A frilled lizard (D:2)
  2 kobolds (D:2)
  4 rats
45 creatures vanquished.

Notes
Turn   | Place    | Note
-------+----------+-------------------------------------------
     0 | D:1      | porpoise the Minotaur Hunter began the quest for the Orb.
     0 | D:1      | Reached XP level 1. HP: 18/18 MP: 0/0
   158 | D:1      | Reached XP level 2. HP: 22/25 MP: 1/1
   344 | D:1      | Found a faded altar of an unknown god.
   539 | D:1      | Reached skill level 5 in Ranged Weapons
   711 | D:2      | Noticed Terence
   722 | D:2      | Killed Terence
   723 | D:2      | Reached XP level 3. HP: 14/31 MP: 2/2
   730 | D:2      | Reached XP level 4. HP: 16/38 MP: 3/3
  1149 | D:2      | Found Qeak's Antique Armour Emporium.
  1267 | D:2      | Bought a dyed leather armour for 110 gold pieces
  1482 | D:2      | Reached skill level 6 in Ranged Weapons
  1752 | D:3      | Reached skill level 1 in Armour
  1928 | D:3      | Reached XP level 5. HP: 40/46 MP: 4/4
  2023 | D:3      | Found a large runed translucent door.
  2023 | D:3      | Found a large runed translucent door.
  2025 | D:3      | Noticed TheBioAlchemist's ghost (amateur GnHs)
  2048 | D:3      | HP: 2/46 [gnoll sergeant/+7 trident of freezing (2)]
  2048 | D:3      | Slain by a gnoll sergeant

Illustrated notes

Levels and vault maps discovered:
D:1:      dpeg_arrival_rooms_with_view, layout_basic,
          dreamdust_ecumenical_altar_angels_and_demons, nrook_uturn
D:2:      layout_loops_ring, serial_shops, nicolae_shop_peninsula, uniq_terence
D:3:      layout_rooms, mainiacjoe_overflow_cross_hatched,
          ebering_ghost_disaster_area

Skill      XL: |  1  2  3  4 |
---------------+-------------+-----
Ranged Weapons | 5 6 |  6.1
Fighting       | 3 4 |  4.0
Armour         | 1 |  1.1
Dodging        | |  2.1
Stealth        | |  0.7

Action                     |  1- 3 |  4- 6 || total
---------------------------+-------+-------++-------
   Fire: Shortbow          |    61 |    65 ||   126
 Armour: Leather armour    |     8 |     4 ||    12
  Dodge: Dodged            |    19 |    11 ||    30
